[Event "*** Titled Tuesday Blitz"]
[Site "Chess.com"]
[Date "2020.04.28"]
[Round "3"]
[White "Khayala13"]
[Black "WinstonSilvakov"]
[Result "1-0"]
[WhiteElo "2324"]
[BlackElo "2102"]
[TimeControl "180+1"]
[EndTime "10:27:38 PDT"]
[Termination "Khayala13 won by resignation"]

1. e4 Nf6 2. e5 Nd5 3. d4 d6 4. Nf3 Nb6 5. Bd3 g6 6. O-O Bg7 7. Qe2 O-O 8. a4 a5 9. Nbd2 Nc6 10. c3 d5 11. Re1 e6 12. Nf1 Ne7 13. Ng3 Nd7 14.
Bg5 c5 15. h4 h6 16. Bxe7 Qxe7 17. h5 g5 18. Bc2 Re8 19. Nh2 Nf8 20. Ng4 b6 21. Rf1 Ba6 22. Bd3 Bxd3 23. Qxd3 Rec8 24. f4 gxf4 25. Rxf4 Qg5 26. Qf3 Rc7 27. Rf1 Raa7 28. Nf6+ Kh8 29. Rg4 Qd2 30. Ne8 1-0

[Event "*** Titled Tuesday Blitz"]
[Site "Chess.com"]
[Date "2020.04.28"]
[Round "3"]
[White "Belka1989"]
[Black "bait_or_mate"]
[Result "0-1"]
[WhiteElo "2338"]
[BlackElo "2548"]
[TimeControl "180+1"]
[EndTime "10:27:41 PDT"]
[Termination "bait_or_mate won by resignation"]

1. d4 d5 2. Nf3 Nf6 3. Bf4 e6 4. e3 c5 5. c3 Nc6 6. Nbd2 cxd4 7. exd4 Nh5 8. Bg5 f6 9. Bh4 g6 10. Bd3 Nf4 11. Bf1 Bd6 12. Bg3 O-O 13. Bxf4 Bxf4 14. g3 Bd6 15. Bg2 e5 16. dxe5 fxe5 17. O-O e4 18.
Ne1 Ne5 19. Nb3 Be6 20. Nd4 Bf7 21. Nec2 Rc8 22. Ne3 Nd3 23. Qe2 Be5 24. Rfd1 Qb6 25.
Nb3 a5 26. Qc2 a4 27. Nd2 Qxb2 28. Qxb2 Nxb2 29. Rdb1 Bxc3 30. Ndf1 Nd3 31. Rd1 Bxa1 32. Rxa1 d4 33. Ng4 Bd5 34. Rb1 h5 35. Bh1 0-1

[Event "*** Titled Tuesday Blitz"]
[Site "Chess.com"]
[Date "2020.04.28"]
[Round "3"]
[White "Alexchess1984"]
[Black "Quaternitychess"]
[Result "0-1"]
[WhiteElo "2674"]
[BlackElo "2216"]
[TimeControl "180+1"]
[EndTime "10:27:43 PDT"]
[Termination "Quaternitychess won by resignation"]

1. e4 d6 2. Nc3 Nf6 3. d4 Nbd7 4. Nf3 e5 5. Bc4 Be7 6. O-O O-O 7. a4 a5 8. Re1 c6 9. Bf1 Re8 10. h3 Qc7 11. b3 Bf8 12. Bb2 exd4 13. Nxd4 Nc5 14.
Qf3 Bd7 15. Rad1 Rad8 16. Nf5 Bxf5 17. Qxf5 Re5 18. Qf3 Rde8 19. Bd3 d5 20. Qg3 Nh5 21. Qg4 g6 22. f4 f5 23. exf5 Rxe1+ 24. Rxe1 Rxe1+ 25.
Kf2 Qe7 26. Be2 Nf6 27. Qg5 0-1

[Event "*** Titled Tuesday Blitz"]
[Site "Chess.com"]
[Date "2020.04.28"]
[Round "3"]
[White "Agent-JL"]
[Black "rogapa"]
[Result "0-1"]
[WhiteElo "2434"]
[BlackElo "2749"]
[TimeControl "180+1"]
[EndTime "10:27:43 PDT"]
[Termination "rogapa won on time"]

1. d4 Nf6 2. c4 g6 3. Nc3 Bg7 4. e4 O-O 5. Nf3 d6 6. Be2 Bg4 7. O-O Nfd7 8. Be3 e5 9. d5 Bxf3 10. Bxf3 a5 11. g3 Na6 12. b3 f5 13. exf5 gxf5 14. Bg2 Nac5 15. Qd2 f4 16. Bxc5 Nxc5 17. f3 Qg5 18. Rae1 Qg6 19. gxf4 Rxf4 20. Ne4 b6 21.
Ng3 Raf8 22. Kh1 Rh4 23. Ne4 Bh6 24. Qf2 Rxe4 25. Rxe4 Nxe4 26. Qe2 Nf6 27. Bh3 Kh8 28. Rg1 Qh5 0-1

[Event "*** Titled Tuesday Blitz"]
[Site "Chess.com"]
[Date "2020.04.28"]
[Round "3"]
[White "Benjoneliere44"]
[Black "Pavalamalli"]
[Result "1-0"]
[WhiteElo "2511"]
[BlackElo "2245"]
[TimeControl "180+1"]
[EndTime "10:27:43 PDT"]
[Termination "Benjoneliere44 won by resignation"]

1. e4 c5 2. Nc3 e6 3. g3 Nc6 4.
Bg2 g6 5. d3 Bg7 6. Be3 d6 7.
Qd2 Nd4 8. Nd1 Rb8 9. c3 Nc6 10. Ne2 b5 11. d4 cxd4 12. cxd4 Nge7 13. Bh6 O-O 14. h4 Qa5 15. Ndc3 b4 16. Nd1 f5 17.
Bxg7 Kxg7 18. h5 Kf7 19. hxg6+ hxg6 20. exf5 exf5 21. Qg5 Bd7 22. Rh7+ Ke8 23. Bxc6 Nxc6 24. Qxg6+ Kd8 25. Qxd6 Qc7 26. Qxf8+ 1-0

[Event "*** Titled Tuesday Blitz"]
[Site "Chess.com"]
[Date "2020.04.28"]
[Round "3"]
[White "icychess54"]
[Black "giantslayer83"]
[Result "0-1"]
[WhiteElo "2257"]
[BlackElo "2690"]
[TimeControl "180+1"]
[EndTime "10:27:43 PDT"]
[Termination "giantslayer83 won on time"]

1. c4 g6 2. Nf3 Bg7 3. e3 Nf6 4. Be2 O-O 5. O-O d6 6. Nc3 e5 7.
b3 Nc6 8. Bb2 Re8 9. d4 e4 10.
Nd2 h5 11. a3 Bf5 12. b4 h4 13.
b5 Ne7 14. f3 exf3 15. Bxf3 d5 16. Re1 c6 17. e4 dxe4 18. Ncxe4 Nxe4 19. Nxe4 cxb5 20.
c5 Bxe4 21. Bxe4 Nc6 22. d5 Bxb2 23. dxc6 Qd4+ 24. Qxd4 Bxd4+ 25. Kf1 Bxa1 26. cxb7 Rab8 27. c6 Be5 28. Bf5 Bc7 0-1

[Event "*** Titled Tuesday Blitz"]
[Site "Chess.com"]
[Date "2020.04.28"]
[Round "3"]
[White "calin_dragomirescu"]
[Black "murtas73"]
[Result "1/2-1/2"]
[WhiteElo "2254"]
[BlackElo "2584"]
[TimeControl "180+1"]
[EndTime "10:27:43 PDT"]
[Termination "Game drawn by repetition"]

1. Nf3 Nf6 2. c4 g6 3. Nc3 Bg7 4. d4 d6 5. e4 O-O 6. Be2 c6 7.
O-O e5 8. Be3 exd4 9. Nxd4 Re8 10. Qc2 Nbd7 11. Rad1 Qe7 12. f3 a6 13. Rfe1 d5 14.
cxd5 Nxd5 15. Nxd5 cxd5 16. Bd3 Nc5 17. Bf2 dxe4 18.
Bxe4 Nxe4 19. Rxe4 Qf8 20. Rxe8 Qxe8 21. Re1 Qd8 22.
Qe4 Bd7 23. Qxb7 Qc8 24. Qxc8+ Rxc8 25. h3 h5 26. Re7 Be8 27. b3 Rd8 28. Ne2 Bb5 29.
a4 Bf6 30. axb5 Bxe7 31. bxa6 Rd1+ 32. Kh2 Bd6+ 33. f4 Ra1 34. a7 Kf8 35. g3 Ke8 36.
Nc3 Ra6 37. Nb5 Kd7 38. Nxd6 Kxd6 39. b4 Kc6 40. g4 hxg4 41. hxg4 Ra3 42. Kg2 Kb5 43.
Bc5 f5 44. gxf5 gxf5 45. Kf2 Kc4 46. Ke2 Kd5 47. Kf2 Ra2+ 48. Ke3 Ra3+ 49. Kf2 Kc6 50. Ke2 Kd5 51. Kf2 1/2-1/2

[Event "*** Titled Tuesday Blitz"]
[Site "Chess.com"]
[Date "2020.04.28"]
[Round "3"]
[White "SONOFHOLYGOD"]
[Black "AryanTari"]
[Result "0-1"]
[WhiteElo "2645"]
[BlackElo "2909"]
[TimeControl "180+1"]
[EndTime "10:27:46 PDT"]
[Termination "AryanTari won by resignation"]

1. d4 Nf6 2. c4 b6 3. Nc3 Bb7 4. Bg5 e6 5. e4 Bb4 6. e5 h6 7. Bd2 Bxc3 8. bxc3 Ne4 9. Nf3 d6 10. Bd3 Nxd2 11. Kxd2 Nd7 12. exd6 cxd6 13. Qe2 O-O 14. Rhd1 e5 15. Be4 Bxe4 16. Qxe4 Nf6 17. Qf5 e4 18. Ng1 Rc8 19. f3 exf3 20. Nxf3 Rxc4 21. Re1 Qc7 22. Re3 Rc8 23. Rc1 d5 24. Ne5 Rxd4+ 25. cxd4 Qxc1+ 26. Ke2 Rc2+ 0-1

[Event "*** Titled Tuesday Blitz"]
[Site "Chess.com"]
[Date "2020.04.28"]
[Round "3"]
[White "slowdgehammer"]
[Black "TengisChess"]
[Result "0-1"]
[WhiteElo "2351"]
[BlackElo "2558"]
[TimeControl "180+1"]
[EndTime "10:27:46 PDT"]
[Termination "TengisChess won by resignation"]

1. e4 c6 2. d4 d5 3. e5 Bf5 4. Nd2 e6 5. Nb3 Nd7 6. Nf3 Ne7 7. Be2 h6 8. O-O Bh7 9. a4 Nf5 10. a5 a6 11. Bd3 Rc8 12. g4 Nh4 13. Bxh7 Rxh7 14.
Be3 Be7 15. Ne1 h5 16. h3 hxg4 17. hxg4 c5 18. c3 g5 19. Ng2 c4 20. Nc1 Nf8 21.
Nxh4 Rxh4 22. f3 Ng6 23. Ne2 Kd7 24. Kg2 Qh8 25. Rh1 Rxh1 26. Qxh1 Nh4+ 27. Kf2 Qh7 28. Qb1 Ng6 29. Kg2 Rh8 30. Qh1 Nh4+ 31. Kf2 f5 32.
exf6 Bxf6 33. Kg3 Be7 34. f4 Qd3 35. Kf2 Rf8 36. f5 Nxf5 37. gxf5 Rxf5+ 38. Ke1 Qxe3 39. Rd1 Rf2 40. Rd2 g4 41. Qh7 g3 42. Qg7 Rf1+ 0-1

[Event "*** Titled Tuesday Blitz"]
[Site "Chess.com"]
[Date "2020.04.28"]
[Round "3"]
[White "Sandstad"]
[Black "GamayevOleg"]
[Result "1-0"]
[WhiteElo "2445"]
[BlackElo "2498"]
[TimeControl "180+1"]
[EndTime "10:27:46 PDT"]
[Termination "Sandstad won by checkmate"]

1. d4 d6 2. e4 Nf6 3. Nc3 e5 4. Nge2 exd4 5. Nxd4 Be7 6. Be3 O-O 7. f3 c6 8. Qd2 b5 9. O-O-O b4 10. Nce2 c5 11.
Nf5 Bxf5 12. exf5 d5 13. Nf4 d4 14. Bf2 Nbd7 15. g4 Nb6 16. h4 Nfd5 17. Kb1 Nxf4 18. Qxf4 Nd5 19. Qe4 Re8 20. Bb5 Rf8 21. Ka1 Rb8 22. Bd3 Re8 23. g5 Bf8 24. Qg4 Qa5 25.
g6 hxg6 26. fxg6 fxg6 27. Qxg6 Nf6 28. Bc4+ Kh8 29. h5 Ng8 30. h6 Nxh6 31. Rxh6+ gxh6 32. Qg8# 1-0

[Event "*** Titled Tuesday Blitz"]
[Site "Chess.com"]
[Date "2020.04.28"]
[Round "3"]
[White "IngOscarArdila"]
[Black "Training_Day"]
[Result "0-1"]
[WhiteElo "2038"]
[BlackElo "2300"]
[TimeControl "180+1"]
[EndTime "10:27:46 PDT"]
[Termination "Training_Day won by resignation"]

1. d4 Nf6 2. c4 e6 3. Nc3 Bb4 4. Bd2 O-O 5. Nf3 d5 6. e3 c5 7. a3 Bxc3 8. bxc3 Nbd7 9. cxd5 exd5 10. Bd3 Re8 11. O-O c4 12. Bb1 Ne4 13. Be1 b5 14.
Qc2 Nf8 15. Nd2 Bf5 16. Qb2 Nxd2 17. Bxd2 Bxb1 18. Raxb1 Rb8 19. Qb4 a5 20. Qc5 Ne6 21. Qc6 Rb6 22. Qxb6 Qxb6 23. f3 Ng5 24. Kf2 f5 25. h4 Nf7 26. Rb2 Rb8 27. Rfb1 Nd6 28. Ke2 Qd8 29. Be1 Qe7 30. Bg3 h6 31. Be5 Re8 32.
g3 Nf7 33. f4 Nxe5 34. dxe5 Qxa3 35. Rxb5 Qxc3 36. Kf3 d4 0-1

[Event "*** Titled Tuesday Blitz"]
[Site "Chess.com"]
[Date "2020.04.28"]
[Round "3"]
[White "tufferguy"]
[Black "chessdjw"]
[Result "0-1"]
[WhiteElo "2391"]
[BlackElo "2596"]
[TimeControl "180+1"]
[EndTime "10:27:48 PDT"]
[Termination "chessdjw won on time"]

1. e4 c5 2. c3 Nf6 3. e5 Nd5 4. Nf3 Nc6 5. d4 cxd4 6. Bc4 Nb6 7. Bb3 d5 8. exd6 Qxd6 9. O-O Be6 10. Bxe6 Qxe6 11.
Nxd4 Nxd4 12. Qxd4 Rd8 13. Qe3 Qxe3 14. Bxe3 Nc4 15.
Bd4 e5 16. Bxa7 Nxb2 17. Be3 Nc4 18. a4 Nxe3 19. fxe3 Bc5 20. Kf2 Rd3 21. Re1 Ke7 22.
Na3 Rxc3 23. Nb5 Rd3 24. Rac1 Bb6 25. Rb1 Rc8 0-1

[Event "*** Titled Tuesday Blitz"]
[Site "Chess.com"]
[Date "2020.04.28"]
[Round "3"]
[White "Trickov"]
[Black "GracefulYear"]
[Result "1-0"]
[WhiteElo "2276"]
[BlackElo "2458"]
[TimeControl "180+1"]
[EndTime "10:27:50 PDT"]
[Termination "Trickov won by checkmate"]

1. d4 g6 2. Nf3 Bg7 3. g3 b6 4.
Bg2 Bb7 5. O-O d6 6. c4 Nd7 7.
Nc3 Ngf6 8. Qc2 O-O 9. e4 e5 10. h3 exd4 11. Nxd4 Re8 12. Rd1 Qe7 13. Nd5 Qd8 14.
Be3 Nc5 15. f3 Nxd5 16. cxd5 f5 17. b4 Nd7 18. Ne6 Rxe6 19. dxe6 Ne5 20. f4 Nc6 21. exf5 Nxb4 22. Qb3 Bxg2 23. e7+ Bd5 24. exd8=Q+ Rxd8 25. Rxd5 Nxd5 26. Qxd5+ Kf8 27. Bd4 c6 28. Bxg7+ Kxg7 29. Qxc6 gxf5 30. Rd1 d5 31. Rxd5 Rf8 32. Rd7+ Kg8 33.
Qe6+ Kh8 34. Qe5+ Rf6 35. Qxf6+ Kg8 36. Qxf5 Kh8 37. Qf6+ Kg8 38. Qc6 Kh8 39. Qb7 Kg8 40. Qxa7 Kh8 41. Qxb6 Kg8 42. a4 Kh8 43. a5 Kg8 44. a6 Kh8 45. a7 Kg8 46. Qc6 Kh8 47. g4 Kg8 48. h4 Kh8 49. h5 Kg8 50. g5 Kh8 51. f5 Kg8 52. h6 Kh8 53. g6 Kg8 54. Qe6+ Kh8 55. g7# 1-0

[Event "*** Titled Tuesday Blitz"]
[Site "Chess.com"]
[Date "2020.04.28"]
[Round "3"]
[White "lelya96"]
[Black "DonBroca"]
[Result "0-1"]
[WhiteElo "2281"]
[BlackElo "2043"]
[TimeControl "180+1"]
[EndTime "10:27:50 PDT"]
[Termination "DonBroca won by resignation"]

1. e4 c5 2. Nf3 d6 3. d4 cxd4 4. Nxd4 Nf6 5. Nc3 g6 6. Be2 Bg7 7. O-O O-O 8. Bg5 Nc6 9. Re1 Bd7 10. Nb3 Rc8 11. Rb1 Na5 12. Bxf6 Bxf6 13. Nd5 Bg7 14.
Bf1 Nxb3 15. axb3 e6 16. Ne3 Qb6 17. Nc4 Qc5 18. Qxd6 Qxd6 19. Nxd6 Rxc2 20. Nxb7 Rb8 21. Ba6 Bxb2 22. b4 Bd4 23. Rf1 Bc6 24. Na5 Bxe4 25.
Rbd1 Bc3 26. Nc4 Bxb4 27. Ne3 Rb2 28. Rc1 Bd2 29. Rc4 Bd3 30. Rd1 Bxc4 31. Nxc4 Rb1 0-1

[Event "*** Titled Tuesday Blitz"]
[Site "Chess.com"]
[Date "2020.04.28"]
[Round "3"]
[White "CMFernandez"]
[Black "VojtechPlat"]
[Result "0-1"]
[WhiteElo "2069"]
[BlackElo "2770"]
[TimeControl "180+1"]
[EndTime "10:27:51 PDT"]
[Termination "VojtechPlat won by resignation"]

1. d4 d5 2. c4 Nc6 3. e3 e5 4. cxd5 Qxd5 5. Nc3 Bb4 6. Nf3 Nf6 7. Bd2 Bxc3 8. Bxc3 exd4 9. Nxd4 O-O 10. Nxc6 Qxc6 11. Qf3 Ne4 12. Bd4 Be6 13. Bd3 Bd5 14. Qg4 f6 15. O-O Rae8 16. Rac1 Qd6 17. Qh5 g6 18. Qh4 b6 19. Rfd1 Qe7 20. Qf4 c5 21. Bc3 Nxc3 22.
Rxc3 Bc6 23. Bf1 Rd8 24. Rcd3 Rxd3 25. Rxd3 Rd8 26. Rxd8+ Qxd8 27. h3 Kg7 28. Bc4 Qe7 29. Qg4 Qd6 30. Qc8 b5 31. Qg8+ Kh6 32. Bf1 c4 33.
Qf7 a6 34. Be2 Bd5 35. Bf3 Bxf7 0-1

[Event "*** Titled Tuesday Blitz"]
[Site "Chess.com"]
[Date "2020.04.28"]
[Round "3"]
[White "Jenia84"]
[Black "BelaKis"]
[Result "0-1"]
[WhiteElo "2286"]
[BlackElo "2048"]
[TimeControl "180+1"]
[EndTime "10:27:51 PDT"]
[Termination "BelaKis won by resignation"]

1. Nf3 g6 2. g3 Bg7 3. Bg2 Nc6 4. O-O e5 5. c4 d6 6. Nc3 f5 7. d3 h6 8. Rb1 Nf6 9. b4 O-O 10.
b5 Ne7 11. a4 Be6 12. Bd2 Rc8 13. Qc1 g5 14. Bxg5 hxg5 15. Nxg5 Qd7 16. Bxb7 Rb8 17. Bg2 Bh6 18. f4 exf4 19. gxf4 Ng6 20. Qe3 Bxg5 21.
fxg5 Ng4 22. Qg3 f4 23. Qf3 Nh4 24. Qe4 Nxg2 25. Qxg2 Ne3 26. Qe4 Nxf1 27. Qg6+ Kh8 28.
Qh6+ Qh7 29. Qxe6 Rbe8 30. Qh6 Qxh6 31. gxh6 Ne3 32. h3 Rg8+ 33. Kf2 Rg3 34. Rh1 Kh7 35. Nd5 Nxd5 36. cxd5 Kxh6 37. Rc1 Re7 38. Rc4 Kg5 39. a5 Rxh3 0-1

[Event "*** Titled Tuesday Blitz"]
[Site "Chess.com"]
[Date "2020.04.28"]
[Round "3"]
[White "ehrenfeld"]
[Black "H3nriqueTV"]
[Result "1-0"]
[WhiteElo "2492"]
[BlackElo "2151"]
[TimeControl "180+1"]
[EndTime "10:27:52 PDT"]
[Termination "ehrenfeld won by resignation"]

1. e4 c5 2. d3 b6 3. f4 Bb7 4. Nf3 e6 5. g3 d5 6. Qe2 Nf6 7. e5 Nfd7 8. Bg2 Nc6 9. O-O Be7 10. c4 dxc4 11. dxc4 Qc7 12. Nc3 O-O-O 13. Be3 h5 14. h3 Nf8 15. Rad1 Ng6 16. a3 a6 17. Ne4 Nd4 18.
Nxd4 cxd4 19. Rxd4 f5 20. Nd6+ Bxd6 21. exd6 Qd7 22.
Rd2 h4 23. Bxb6 hxg3 24. Bxd8 Kxd8 25. c5 Nh4 26. Bxb7 Qxb7 27. Rc2 Qc6 28. Rc3 g2 29. Rf2 Ng6 30. Qf3 Qb6 31. cxb6 1-0

[Event "*** Titled Tuesday Blitz"]
[Site "Chess.com"]
[Date "2020.04.28"]
[Round "3"]
[White "Sanyura"]
[Black "VincentKeymer"]
[Result "0-1"]
[WhiteElo "2488"]
[BlackElo "2726"]
[TimeControl "180+1"]
[EndTime "10:27:53 PDT"]
[Termination "VincentKeymer won on time"]

1. e4 e6 2. d4 d5 3. Nc3 Bb4 4. e5 c5 5. Bd2 Ne7 6. Nb5 Bxd2+ 7. Qxd2 O-O 8. f4 Nbc6 9. Nf3 Bd7 10. Nd6 cxd4 11.
Bd3 f6 12. O-O Nc8 13. Nxc8 Rxc8 14. exf6 Rxf6 15. Ng5 h6 16. Bh7+ Kh8 17. Bd3 hxg5 18. fxg5 Rxf1+ 19. Rxf1 Ne5 20. Rf4 Kg8 21. Qf2 Qxg5 0-1

[Event "*** Titled Tuesday Blitz"]
[Site "Chess.com"]
[Date "2020.04.28"]
[Round "3"]
[White "Gloomy_Wanderer"]
[Black "Megagigahiper3345"]
[Result "1-0"]
[WhiteElo "2816"]
[BlackElo "2455"]
[TimeControl "180+1"]
[EndTime "10:27:53 PDT"]
[Termination "Gloomy_Wanderer won by resignation"]

1. d4 Nf6 2. Nf3 e6 3. c4 d5 4. g3 dxc4 5. Bg2 Bb4+ 6. Bd2 c5 7. Bxb4 cxb4 8. Ne5 O-O 9. Nxc4 Nc6 10. e3 e5 11. d5 b5 12. dxc6 Qxd1+ 13. Kxd1 bxc4 14. Nd2 Bg4+ 15. Ke1 c3 16. bxc3 bxc3 17. Nc4 e4 18. Rc1 Rfd8 19. h3 Be6 20. Rxc3 Rac8 21. Na5 Bxa2 22. Ke2 Rd5 23. Ra3 Rxa5 24. Rxa5 Bc4+ 25. Kd2 Rxc6 26. Rc1 a6 27. Ke1 g6 28. Bf1 Bb5 29. Rxc6 Bxc6 30. Rxa6 1-0

[Event "*** Titled Tuesday Blitz"]
[Site "Chess.com"]
[Date "2020.04.28"]
[Round "3"]
[White "LuckSlayeer"]
[Black "semchik73"]
[Result "1-0"]
[WhiteElo "2509"]
[BlackElo "2232"]
[TimeControl "180+1"]
[EndTime "10:27:53 PDT"]
[Termination "LuckSlayeer won by resignation"]

1. e4 Nf6 2. e5 Nd5 3. c4 Nb6 4. d4 d6 5. exd6 cxd6 6. Nc3 g6 7. d5 Bg7 8. Nf3 O-O 9. Be3 f5 10. Be2 N8d7 11. O-O Ne5 12. Nxe5 dxe5 13. f4 exf4 14.
Bxf4 e5 15. Be3 f4 16. Bf2 Bf5 17. c5 Nd7 18. Bd3 Rc8 19. Bxf5 Rxf5 20. Ne4 Nf6 21. Nd6 e4 22. Nxf5 gxf5 23. d6 e3 24. Bh4 Rxc5 25. Rxf4 Rd5 26. Qxd5+ Nxd5 27. Bxd8 Nxf4 28. d7 e2 29. Be7 Bd4+ 30. Kh1 Ne6 31. Re1 Kf7 32. d8=Q Nxd8 33. Bxd8 Bxb2 34. Rxe2 Bd4 35. Rd2 Bc5 36.
Bg5 Ke6 37. Bf4 b5 38. Rb2 a6 39. g3 Bd4 40. Rd2 Bc5 41. Kg2 a5 42. Kf3 b4 43.
Rc2 Bd4 44. Rc6+ Kd5 45. Ra6 Bc3 46. Rxa5+ Kc4 47. Rxf5 Kd4 48. Be5+ Kc4 49. Bxc3 bxc3 50. Ke2 1-0

[Event "*** Titled Tuesday Blitz"]
[Site "Chess.com"]
[Date "2020.04.28"]
[Round "3"]
[White "Batica1984"]
[Black "emperor87"]
[Result "1-0"]
[WhiteElo "2805"]
[BlackElo "2601"]
[TimeControl "180+1"]
[EndTime "10:27:54 PDT"]
[Termination "Batica1984 won by resignation"]

1. e4 c5 2. Nf3 d6 3. d4 cxd4 4. Nxd4 Nf6 5. Nc3 a6 6. Bg5 Nc6 7. Bxf6 gxf6 8. Be2 e6 9. O-O Bd7 10. Kh1 b5 11. f4 Qb6 12. Nb3 b4 13. Nb1 a5 14. a4 h5 15. N1d2 h4 16. Nc4 Qc7 17. Qd3 Rd8 18. Rad1 Bc8 19. f5 Be7 20. fxe6 fxe6 21. Qe3 h3 22. g3 Bb7 23. Bg4 Kf7 24. Bf3 Ba6 25. Be2 Bxc4 26. Bxc4 Ne5 27. Be2 Rc8 28. Nd4 Qc5 29. Qb3 Nc4 30. Bg4 f5 31.
Bxf5 Ke8 32. Bxe6 Qe5 33. Bxc8 1-0

[Event "*** Titled Tuesday Blitz"]
[Site "Chess.com"]
[Date "2020.04.28"]
[Round "3"]
[White "GMSrinath"]
[Black "pooh2012"]
[Result "1-0"]
[WhiteElo "2745"]
[BlackElo "2519"]
[TimeControl "180+1"]
[EndTime "10:27:54 PDT"]
[Termination "GMSrinath won by resignation"]

1. e4 d6 2. d4 Nd7 3. Nc3 c6 4. Nf3 Qc7 5. h3 e5 6. Be3 Be7 7. Be2 Ngf6 8. a4 a5 9. O-O O-O 10. Re1 Re8 11. Bf1 Nf8 12. dxe5 dxe5 13. Nh4 Nxe4 14.
Nxe4 Bxh4 15. Qh5 Be7 16. Bd3 g6 17. Qh6 Bf5 18. Bg5 Bxe4 19. Rxe4 Bxg5 20. Qxg5 Qe7 21. Qg3 f5 22. Re2 e4 23. Bc4+ Kh8 24. Rd1 Rad8 25.
Rxd8 Rxd8 26. Qc3+ Qg7 27. Qxa5 Rd1+ 28. Kh2 Qxb2 29. c3 Rh1+ 30. Kxh1 Qc1+ 31. Kh2 Qf4+ 32. g3 Qd6 33. Rd2 Qf6 34. Qd8 Qxd8 35. Rxd8 Kg7 36. Rb8 h5 37. Rxb7+ Kh6 38. a5 Nh7 39. Rxh7+ Kxh7 40. a6 1-0

[Event "*** Titled Tuesday Blitz"]
[Site "Chess.com"]
[Date "2020.04.28"]
[Round "3"]
[White "LimeInTheCoconut"]
[Black "GmSergioBarrientos"]
[Result "0-1"]
[WhiteElo "2398"]
[BlackElo "2603"]
[TimeControl "180+1"]
[EndTime "10:27:54 PDT"]
[Termination "GmSergioBarrientos won by resignation"]

1. g3 Nf6 2. Bg2 g6 3. d4 Bg7 4. e4 d6 5. Ne2 O-O 6. h3 e5 7.
Nbc3 Nc6 8. Be3 Re8 9. O-O exd4 10. Nxd4 Bd7 11. a4 Ne5 12. f4 Nc4 13. Bc1 c5 14.
Nde2 Bc6 15. Qd3 Na5 16. g4 c4 17. Qe3 Nxe4 18. Nxe4 Bxe4 19. Bxe4 d5 20. Ng3 dxe4 21. Kg2 c3 22. b3 Nc6 23. f5 Nb4 24. Qe2 e3 25.
Ba3 Qd5+ 26. Rf3 Nc6 27. Rd1 Nd4 28. Rxd4 Qxd4 29. fxg6 hxg6 0-1

[Event "*** Titled Tuesday Blitz"]
[Site "Chess.com"]
[Date "2020.04.28"]
[Round "3"]
[White "SirStrateg"]
[Black "agrigo3"]
[Result "1-0"]
[WhiteElo "2592"]
[BlackElo "2312"]
[TimeControl "180+1"]
[EndTime "10:27:54 PDT"]
[Termination "SirStrateg won on time"]

1. d4 d6 2. c3 e5 3. dxe5 dxe5 4. Qxd8+ Kxd8 5. e4 Be6 6. Nf3 f6 7. Nbd2 Nd7 8. Bc4 Bxc4 9. Nxc4 a5 10. Be3 Bc5 11.
O-O-O Bxe3+ 12. Nxe3 Ne7 13. Nd2 c6 14. Ndc4 Kc7 15.
f3 b5 16. Nd6 Nc5 17. Rd2 Rad8 18. Rhd1 Nc8 19. Nef5 Nxd6 20. Nxd6 a4 21. Kc2 Rd7 22. c4 b4 23. a3 b3+ 24. Kc3 Rhd8 25. Nf5 Rxd2 26. Rxd2 Rxd2 27. Kxd2 Ne6 28. Kc3 Kb6 29. Kb4 g6 30. Ne3 Nc5 31. Nd1 Nd3+ 32. Kxa4 Ne1 33. Ne3 1-0

[Event "*** Titled Tuesday Blitz"]
[Site "Chess.com"]
[Date "2020.04.28"]
[Round "3"]
[White "JustWatch000"]
[Black "MikaelyanArman"]
[Result "0-1"]
[WhiteElo "2439"]
[BlackElo "2755"]
[TimeControl "180+1"]
[EndTime "10:27:56 PDT"]
[Termination "MikaelyanArman won by resignation"]

1. Nf3 Nf6 2. g3 d5 3. Bg2 c6 4. O-O Bg4 5. d3 Nbd7 6. Nbd2 e5 7. e4 Bd6 8. c3 O-O 9. Qc2 Re8 10. h3 Bh5 11. Nh4 Bg6 12. Re1 Qc7 13. Nxg6 hxg6 14.
b3 Nf8 15. Bb2 Rad8 16. c4 d4 17. c5 Be7 18. b4 g5 19. a3 Ng6 20. Nc4 Nd7 21. a4 Ngf8 22. Ba3 Ne6 23. Rac1 g6 24. Bf3 Kg7 25. Bg4 Ndf8 26. Kg2 Kh7 27. Na5 Ng7 28. Nb3 f5 29. Bf3 Bf6 30. b5 Qf7 31. bxc6 bxc6 32.
Na5 Rc8 33. Nc4 Nfe6 34. Nd6 Qf8 35. Nxe8 Rxe8 36. exf5 gxf5 37. Bxc6 Rd8 38. Qb3 e4 39. dxe4 f4 40. e5 Be7 41. Be4+ Kh6 42. Qd3 Nh5 43.
Bh7 Qg7 44. Bf5 fxg3 45. Qa6 Nf4+ 46. Kxg3 Qf7 47. Bg4 Rf8 48. c6 Nh5+ 49. Kh2 Qxf2+ 0-1

[Event "*** Titled Tuesday Blitz"]
[Site "Chess.com"]
[Date "2020.04.28"]
[Round "3"]
[White "Charlottemillard17"]
[Black "FMOlexandrProhorov"]
[Result "1-0"]
[WhiteElo "1409"]
[BlackElo "2069"]
[TimeControl "180+1"]
[EndTime "10:27:56 PDT"]
[Termination "Charlottemillard17 won on time"]

1. e4 c5 2. c3 e5 3. d4 exd4 4. cxd4 cxd4 5. Qxd4 Nf6 6. Nc3 Nc6 7. Qd1 Bb4 8. e5 Ne4 9. Bd2 Nxd2 10. Qxd2 Nxe5 11.
a3 Bxc3 12. Qxc3 Qe7 13. Be2 O-O 14. Rc1 d6 15. Nh3 Bf5 16. Nf4 g5 17. Nd5 Qe6 18. Nc7 Qe7 19. Nd5 Qe6 20. Ne3 Bg6 21. O-O Rac8 22.
Qb4 b6 23. Bg4 f5 24. Bf3 Kg7 25. Bd5 Qd7 26. f4 Ng4 27. Qd4+ 1-0

[Event "*** Titled Tuesday Blitz"]
[Site "Chess.com"]
[Date "2020.04.28"]
[Round "3"]
[White "Duong57"]
[Black "Orest_Vovk"]
[Result "0-1"]
[WhiteElo "2191"]
[BlackElo "2415"]
[TimeControl "180+1"]
[EndTime "10:27:57 PDT"]
[Termination "Orest_Vovk won by checkmate"]

1. d4 Nc6 2. Nf3 e6 3. e4 Nf6 4. Bd3 Bb4+ 5. c3 Be7 6. O-O d6 7. c4 e5 8. d5 Nb8 9. Nc3 Bg4 10. Be2 O-O 11. h3 Bxf3 12. Bxf3 a5 13. Be3 Na6 14.
Be2 Nd7 15. Qd2 h6 16. f4 exf4 17. Bxf4 Bg5 18. g3 Ne5 19. h4 Bxf4 20. gxf4 Nd7 21. Qe1 Nb4 22. Qg3 f5 23. a3 Nc2 24. Rac1 Nd4 25.
Bd3 Nc5 26. e5 dxe5 27. fxe5 f4 28. Qh3 Nxd3 29. Qxd3 Qxh4 30. Qxd4 Qg3+ 31. Kh1 Rf5 32. Qd1 Qh3+ 33. Kg1 Rg5+ 34. Kf2 Qe3# 0-1

[Event "*** Titled Tuesday Blitz"]
[Site "Chess.com"]
[Date "2020.04.28"]
[Round "3"]
[White "zajka-molotok"]
[Black "Stewie_89"]
[Result "0-1"]
[WhiteElo "2403"]
[BlackElo "2631"]
[TimeControl "180+1"]
[EndTime "10:27:58 PDT"]
[Termination "Stewie_89 won by resignation"]

1. d4 d5 2. c4 dxc4 3. e3 e5 4. dxe5 Qxd1+ 5. Kxd1 Nc6 6. Nf3 Bg4 7. Bxc4 Nxe5 8.
Bb5+ c6 9. Be2 O-O-O+ 10. Nbd2 Bxf3 11. gxf3 Nf6 12. f4 Ned7 13. Kc2 Nc5 14. b3 Nce4 15. Nxe4 Nxe4 16. f3 Nf6 17. Bb2 Bc5 18. e4 Be3 19. f5 Rd2+ 20. Kc3 Rxe2 21. Rad1 Bb6 22. a4 Ba5+ 23. b4 Bxb4+ 24. Kxb4 Rxb2+ 25. Kc3 Rf2 26. Rd3 Rd8 27. Rhd1 Rxf3 28. Rxf3 Rxd1 29. e5 Nd5+ 30. Kc2 Re1 31. f6 g6 32. Rh3 h5 0-1

[Event "*** Titled Tuesday Blitz"]
[Site "Chess.com"]
[Date "2020.04.28"]
[Round "3"]
[White "dmosesov"]
[Black "dcann0n88"]
[Result "0-1"]
[WhiteElo "2562"]
[BlackElo "2393"]
[TimeControl "180+1"]
[EndTime "10:27:59 PDT"]
[Termination "dcann0n88 won on time"]

1. d4 Nf6 2. c4 g6 3. Nc3 Bg7 4.
e4 d6 5. h3 O-O 6. Be3 e5 7. d5 Nh5 8. Be2 Nf4 9. Bf3 f5 10.
g3 Nh5 11. exf5 Rxf5 12. g4 Rxf3 13. Nxf3 Nf4 14. Bxf4 exf4 15. Qd2 Na6 16. O-O-O Nc5 17. Rde1 a5 18. Ne4 Na4 19. Nd4 c5 20. dxc6 Qb6 21. Nxd6 Bxd4 22. Re8+ Kg7 0-1